 Dungeon Crawl Stone Soup version 0.31-a0-963-ga325b2283a (webtiles) character file.

Game seed: 11428743633094082679

609 Arzdou the Ruffian (level 7, -3/48 HPs)
             Began as a Demonspawn Shapeshifter on Oct 25, 2023.
             Was a Believer of Cheibriados.
             Slain by a troll (9 damage)
             ... on level 5 of the Dungeon.
             The game lasted 00:05:58 (3890 turns).

Arzdou the Ruffian (Demonspawn Shapeshifter)        Turns: 3890, Time: 00:05:58

Health: -3/48      AC: 16    Str: 21    XL:     7   Next: 19%
Magic:  1/7        EV:  8    Int: 15    God:    Cheibriados [**....]
Gold:   336        SH:  4    Dex: 16    Spells: 6/6 levels left

rFire   . .          .
                       - Unarmed
rCold   . . .        (no shield)
rNeg    . . .        o - +0 chain mail
rPois   .            (helmet currently unavailable)
rElec   .            (cloak currently unavailable)
rCorr   .            (gloves currently unavailable)
SInv    .            (boots currently unavailable)
Will    .....        q - amulet of regeneration Stlth
                     B - +4 ring of protection
HPRegen 1.08/turn    E - +4 ring of protection
MPRegen 0.10/turn

%: no passive effects
@: mighty, beast-form, very slow
A: beast (slay +3), large bone plates 1, powered by pain 1, spiny 1, weakness
stinger 1
a: Begin Untransformation, Renounce Religion, Bend Time


You were on level 5 of the Dungeon.
You worshipped Cheibriados.
Cheibriados was pleased with you.
You were a hulking beast.
You visited 1 branch of the dungeon, and saw 5 of its levels.

You collected 336 gold pieces.

Inventory:

Armour
 a - a +0 animal skin
 n - a +0 ring mail
 o - a +0 chain mail (worn)
Jewellery
 j - a ring of fire
 p - a ring of see invisible
 q - an amulet of regeneration (around neck)
 z - an amulet of guardian spirit
 B - a +4 ring of protection (left hand)
 E - a +4 ring of protection (right hand)
Talismans
 c - a beast talisman
 d - a flux talisman
Wands
 t - a wand of light (5)
 F - a wand of digging (5)
Scrolls
 e - 3 scrolls of identify {unknown}
 h - 2 scrolls of immolation {unknown}
 l - a scroll of fog {unknown}
 m - a scroll of enchant armour {unknown}
 v - a scroll of poison {unknown}
 w - a scroll of noise {unknown}
 x - a scroll of amnesia {unknown}
 y - 2 scrolls of revelation {unknown}
 D - a scroll of silence {unknown}
Potions
 b - a potion of attraction {unknown}
 f - 2 potions of curing
 g - a potion of berserk rage {unknown}
 i - a potion of mutation {unknown}
 k - a potion of enlightenment {unknown}
 r - 2 potions of cancellation {unknown}
 s - a potion of heal wounds {unknown}
 u - 2 potions of might {unknown}
 A - 2 potions of degeneration {unknown}
 C - a potion of brilliance {unknown}


   Skills:
 - Level 1.3 Fighting
 - Level 2.0 Dodging
 + Level 5.6 Unarmed Combat
 + Level 5.2 Shapeshifting


You had 6 spell levels left.
You didn't know any spells.
Your spell library contained the following spells:

 Spells                   Type           Power      Damage    Failure   Level
 Blink                    Tloc           0%         N/A       97%         2
 Lesser Beckoning         Tloc           0%         N/A       97%         2
 Momentum Strike          Conj/Tloc      0%         3d8       97%         2


Dungeon Overview and Level Annotations

Branches:
Dungeon (5/15)             Temple (0/1) D:5

Altars:
Cheibriados


Innate Abilities, Weirdness & Mutations

You are a hulking beast.
Your limbs bulge with bestial killing power. (Slay +3)
You are partially covered in large bone plates. (SH +4)
You sometimes gain a little power by taking damage.
You are partially covered in sharp spines.
You have a small tail.


Message History

You hit the orc.
You kill the orc!
Cheibriados appreciates the change of pace.
No target in view!
No target in view!
No target in view!
No target in view!
No target in view!
No target in view!
No target in view!
You see here a staff of death.
You open the door.
There is an open door here.
There is an open door here.
There is an open door here.
Things that are here:
a +0 dagger; a +0 leather armour
Things that are here:
a +0 whip; 2 boomerangs
There is an open door here.
A troll comes into view.
A troll is nearby!
The troll bites you. You block the troll's attack. The troll claws you!
You hit the troll but do no damage. You tail-slap the troll.
The troll is lightly wounded.
You completely miss the troll.
The troll is lightly wounded.
The troll is struck by your spines. The troll bites you.
The troll claws you! x2
You feel better. The troll bites you.
The troll claws you but does no damage. x2
Okay, then.
The flow of time bends around you.
The troll resists with some effort.
The troll is struck by your spines. The troll bites you!
You focus on the pain.
You feel very mighty all of a sudden. The troll barely misses you.
The troll claws you.
* * * LOW HITPOINT WARNING * * *
The flow of time bends around you.
The troll resists with some effort.
The troll is struck by your spines. The troll bites you.
* * * LOW HITPOINT WARNING * * *
The troll claws you!
You die...

#.........###...##########.
#####.##### ##.## #. ###.# #.#
#. #...# #.# #. #...##### ##'##
#. #.......###...## #.
##..P...##.....## ###.
########...>..#.......## ##.#.
#............Th........####....
#.####...P..P..........'.......
###....#...........####....
#....######.......## ##.#.
#.##.# ##.....## #####. #.##.#
##...## #..... #.###.##.# ##'##
#.#### #........# #.# #.#
#####.#### #.# #.#


You could see a troll.

Vanquished Creatures
  A phantom (D:5)
  A howler monkey (D:5)
  A jelly (D:4)
  3 hounds (D:4)
  An orc priest (D:5)
  2 sleepcaps (D:5)
  2 orc wizards (D:3)
  2 iguanas
  7 adders
  2 worms
  6 dart slugs
  18 orcs
  3 endoplasms (D:1)
  3 giant cockroaches
  A goblin (D:2)
  11 hobgoblins
  7 jackals
  7 quokkas
  10 ball pythons
  3 bats (D:2)
  2 frilled lizards (D:1)
  4 kobolds
  6 rats
103 creatures vanquished.

Notes
Turn   | Place    | Note
-------+----------+-------------------------------------------
     0 | D:1      | Arzdou the Demonspawn Shapeshifter began the quest for the
                  | Orb.
     0 | D:1      | Reached XP level 1. HP: 15/15 MP: 1/1
   231 | D:1      | Gained mutation: You are partially covered in large bone
                  | plates. (SH +4) [demonic ancestry]
   231 | D:1      | Reached XP level 2. HP: 21/21 MP: 2/2
   698 | D:1      | Gained mutation: You are partially covered in sharp spines.
                  | [demonic ancestry]
   698 | D:1      | Reached XP level 3. HP: 23/26 MP: 3/3
  1319 | D:2      | Reached XP level 4. HP: 32/32 MP: 4/4
  1808 | D:3      | Found a faded altar of an unknown god.
  1922 | D:3      | Gained mutation: You sometimes gain a little power by
                  | taking damage. [demonic ancestry]
  1922 | D:3      | Reached XP level 5. HP: 37/37 MP: 5/5
  2042 | D:3      | Prayed at the altar of an unknown god.
  2042 | D:3      | Became a worshipper of Cheibriados the Contemplative
  2042 | D:3      | Reached * piety under Cheibriados
  2410 | D:4      | Reached XP level 6. HP: 35/43 MP: 6/6
  2960 | D:5      | Entered Level 5 of the Dungeon
  3205 | D:5      | Reached skill level 5 in Unarmed Combat
  3210 | D:5      | Reached ** piety under Cheibriados
  3354 | D:5      | Reached skill level 5 in Shapeshifting
  3366 | D:5      | Found a staircase to the Ecumenical Temple.
  3523 | D:5      | Gained mutation: You have a small tail. [demonic ancestry]
  3523 | D:5      | Reached XP level 7. HP: 48/48 MP: 7/7
  3883 | D:5      | Noticed a troll
  3890 | D:5      | Slain by a troll

Illustrated notes

Levels and vault maps discovered:
D:1:      ncdulo_lavacross, layout_loops_ring, reono_crystal_passage
D:2:      layout_loops_ring, minmay_heptomino_l4
D:3:      layout_rooms, nicolae_ecumenical_lake_church
D:4:      layout_basic, nicolae_elyvilon_temple_path
D:5:      layout_loops_corners, minmay_temple_entry_overgrown

Skill      XL: |  1  2  3  4  5  6 |
---------------+-------------------+-----
Dodging        | 2 |  2.0
Unarmed Combat | 3 4 5 |  5.6
Shapeshifting  | 3 4 5 |  5.2
Fighting       | |  1.3

Action                     |  1- 3 |  4- 6 |  7- 9 || total
---------------------------+-------+-------+-------++-------
  Melee: Unarmed           |   117 |   135 |    13 ||   265
         Punch             |     1 |     5 |     1 ||     7
         Tailslap          |       |       |     3 ||     3
 Invoke: Bend Time         |       |       |     2 ||     2
    Use: Potion            |     2 |       |     1 ||     3
   Stab: Sleeping          |     2 |       |       ||     2
 Armour: Animal skin       |    27 |       |       ||    27
         Skin              |    24 |       |       ||    24
         Chain mail        |    18 |    81 |    19 ||   118
         Ring mail         |     3 |       |       ||     3
  Dodge: Dodged            |    68 |    38 |     3 ||   109
  Block: Other             |    19 |    18 |     1 ||    38

Table legend: (Time is in decaauts)
 A = Elapsed time spent in this place.
 B = Non-inter-level travel time spent in this place.
 C = Inter-level travel time spent in this place.
 D = Time resting spent in this place.
 E = Time spent auto-exploring this place.
 F = Levels seen in this place.
 G = Mean time per level.
                   A        B        C        D        E       F      G
               +--------+--------+--------+--------+--------+-----+--------+
         Total |   4584 |   4444 |    140 |     66 |   3738 |   5 |  916.8 |
       Dungeon |   4584 |   4444 |    140 |     66 |   3738 |   5 |  916.8 |
               +--------+--------+--------+--------+--------+-----+--------+

Top non-repeatable levels by time:
     D:5: 1298 daAuts
     D:4: 1223 daAuts
     D:1: 905 daAuts
     D:2: 744 daAuts
     D:3: 412 daAuts
